 Dungeon Crawl Stone Soup version 0.20.0-10-g0535bb4 (webtiles) character file.

180 pib the Conjurer (level 5, -2/28 HPs)
             Began as a Deep Elf Conjurer on June 6, 2017.
             Slain by an orc warrior
             ... wielding a +0 trident
              (10 damage)
             ... on level 4 of the Dungeon.
             The game lasted 00:06:43 (1981 turns).

pib the Conjurer (Deep Elf Conjurer)                Turns: 1981, Time: 00:06:44

Health: -2/28      AC:  2    Str:  3    XL:     5   Next: 33%
Magic:  6/14       EV: 13    Int: 21    God:
Gold:   167        SH:  0    Dex: 15    Spells: 3/13 levels left

rFire    + . .     SeeInvis .   p - +1 scimitar of Oseu {flame, rF+ rN+ Str-2} (curse)
rCold    . . .     Gourm    .   (no shield)
rNeg     + . .     Faith    .   a - +0 robe
rPois    .         Spirit   .   (no helmet)
rElec    .         Reflect  .   (no cloak)
rCorr    .         Harm     .   (no gloves)
MR       .....                  (no boots)
Stlth    ++........             (no amulet)
Regen    0.1/turn               (no ring)
MPRegen  0.2/turn               (no ring)

@: no status effects
A: no striking features
a: no special abilities


You were on level 4 of the Dungeon.
You were not hungry.

You visited 1 branch of the dungeon, and saw 4 of its levels.

You collected 167 gold pieces.

Inventory:

Hand Weapons
 d - a +0 dagger
 n - a +2 dagger of venom
 p - the cursed +1 scimitar of Oseu (weapon) {flame, rF+ rN+ Str-2}
   (You found it on level 4 of the Dungeon)

   It has been specially enchanted to burn those struck by it, causing extra
   injury to most foes and up to half again as much damage against particularly
   susceptible opponents.
   Big, fiery blades are also staple armaments of hydra-hunters.
   It affects your strength (-2).
   It protects you from fire.
   It protects you from negative energy.
   It has a curse placed upon it.
Missiles
 h - 84 stones (quivered)
Armour
 a - a +0 robe (worn)
Scrolls
 e - a scroll of magic mapping {unknown}
 i - a scroll of blinking {unknown}
 j - 2 scrolls of enchant armour {unknown}
 l - a scroll of remove curse {unknown}
 q - a scroll of identify {unknown}
Potions
 f - a potion of might {unknown}
 k - a potion of curing
 m - a potion of magic {unknown}
Books
 b - a book of Conjurations

   Spells                             Type                      Level
   a - Magic Dart                     Conjuration                  1
   b - Searing Ray                    Conjuration                  2
   c - Dazzling Spray                 Conjuration/Hexes            3
   d - Fulminant Prism                Conjuration/Hexes            4
   e - Force Lance                    Conjuration/Translocation    4
   f - Iskenderun's Mystic Blast      Conjuration                  4
Comestibles
 c - 3 bread rations
 g - 3 meat rations


   Skills:
 - Level 2.4 Dodging
 - Level 2.4 Stealth
 + Level 4.8 Spellcasting
 * Level 6.4 Conjurations
 * Level 1.5 Hexes


You had 3 spell levels left.
You knew the following spells:

 Your Spells              Type           Power        Failure   Level  Hunger
a - Magic Dart            Conj           ####         1%          1    None
b - Searing Ray           Conj           ####..       1%          2    None
c - Dazzling Spray        Conj/Hex       ###...       6%          3    ##.....
d - Fulminant Prism       Conj/Hex       ###.......   22%         4    ####...


Dungeon Overview and Level Annotations

Branches:
Dungeon (4/15)
 Temple: D:4-7

Altars:
Dithmenos
Makhleb

Annotations:
D:3 Grinder


Message History

Okay, then.
The searing ray hits the orc warrior.
The orc warrior is lightly wounded.
The orc warrior throws a tomahawk.
The tomahawk barely misses you.
The searing ray hits the orc warrior.
The orc warrior is severely wounded.
You finish channeling your searing ray.
The orc warrior throws a tomahawk.
The tomahawk misses you.
It was a potion of curing.
You feel better.
Casting: Searing Ray
Confirm with . or Enter, or press ? or * to list all spells.
Aiming: Searing Ray
Press: ? - help, Shift-Dir - straight line, f - orc
Aim: an orc, wielding a hand axe and wearing a leather armour The searing ray hits the orc warrior.
The orc warrior is almost dead. (Press . to maintain the ray.)
You hear the rusting of a very distant drain.
The orc warrior hits you from afar with a trident!
You die...

#. #. #. #.# #
..## #.#.(#
#....# #@# #.#
.# #o# #.# #o#
#.# #.# #.# #
#.# #.# ...
#.# #.##o...
#o#####..o....
#.....o.#


You could see an orc warrior, an orc wizard (wandering) and an orc.

Vanquished Creatures
  A hound (D:4)
  An iguana (D:4)
  An orc wizard (D:4)
  3 adders (D:2)
  3 dart slugs
  2 leopard geckos (D:1)
  4 orcs (D:3)
  A ball python (D:3)
  3 giant cockroaches
  8 goblins
  7 hobgoblins
  4 jackals
  6 kobolds
  A quokka (D:2)
  5 bats
  6 frilled lizards
  6 rats
62 creatures vanquished.

Notes
Turn   | Place    | Note
-------+----------+-------------------------------------------
     0 | D:1      | pib the Deep Elf Conjurer began the quest for the Orb.
     0 | D:1      | Reached XP level 1. HP: 10/10 MP: 6/6
   224 | D:1      | Reached XP level 2. HP: 13/15 MP: 4/8
   357 | D:1      | Reached skill level 5 in Conjurations
   619 | D:1      | Reached XP level 3. HP: 19/19 MP: 3/10
   990 | D:2      | Learned a level 2 spell: Searing Ray
  1203 | D:2      | Reached XP level 4. HP: 24/24 MP: 9/12
  1279 | D:2      | Found a burning altar of Makhleb.
  1597 | D:3      | Found a shadowy altar of Dithmenos.
  1741 | D:3      | Noticed Grinder
  1785 | D:4      | Reached skill level 6 in Conjurations
  1793 | D:4      | Got a steaming scimitar
  1794 | D:4      | Identified the cursed +1 scimitar of Oseu {flame, rF+ rN+ Str-2} (You found it on level 4 of the Dungeon)
  1799 | D:4      | Learned a level 3 spell: Dazzling Spray
  1804 | D:4      | Learned a level 4 spell: Fulminant Prism
  1856 | D:4      | Reached skill level 1 in Hexes
  1856 | D:4      | Reached XP level 5. HP: 28/28 MP: 2/14
  1956 | D:4      | Noticed an orc warrior
  1981 | D:4      | Slain by an orc warrior

Skill      XL: |  1  2  3  4 |
---------------+-------------+-----
Conjurations   | 5 6 |  6.4
Spellcasting   | 4 |  4.8
Hexes          | 1 |  1.5
Dodging        | |  2.4
Stealth        | |  2.4

Action                   |  1- 3 |  4- 6 || total
-------------------------+-------+-------++-------
Melee: Dagger            |     8 |       ||     8
 Cast: Magic Dart        |    71 |    36 ||   107
       Searing Ray       |       |     4 ||     4
       Dazzling Spray    |       |     2 ||     2
  Use: Potion            |       |     1 ||     1
  Eat: Chunk             |     1 |     2 ||     3
Armor: Robe              |     2 |       ||     2
Dodge: Dodged            |     6 |     9 ||    15
